 Dungeon Crawl Stone Soup version 0.28-a0-657-g71136c5590 (webtiles) character file.

Game seed: 11069307731745670721

45 mordus the Shield-Bearer (level 3, 0/29 HPs)
             Began as a Formicid Fighter on Oct 13, 2021.
             Slain by a gnoll (7 damage)
             ... on level 2 of the Dungeon.
             The game lasted 00:01:27 (1114 turns).

mordus the Shield-Bearer (Formicid Fighter)         Turns: 1114, Time: 00:01:28

Health: 0/29       AC:  7    Str: 21    XL:     3   Next: 90%
Magic:  3/3        EV:  9    Int:  7    God:
Gold:   48         SH:  4    Dex: 10    Spells: 2/2 levels left

rFire   . . .      SeeInvis +   a - +0 long sword
rCold   . . .      Faith    .   c - +0 buckler
rNeg    . . .      Spirit   .   b - +0 scale mail
rPois   .          Reflect  .   (helmet unavailable)
rElec   .          Harm     .   (no cloak)
rCorr   .          Rampage  .   (no gloves)
Will    .....                   (no boots)
Stlth   ..........              (no amulet)
HPRegen 0.09/turn               (no ring)
MPRegen 0.08/turn               (no ring)

@: no status effects
A: permanent stasis, dig shafts and tunnels, antennae 3, four strong arms
a: Dig, Shaft Self


You were on level 2 of the Dungeon.
You visited 1 branch of the dungeon, and saw 2 of its levels.

You collected 48 gold pieces.

Inventory:

Hand Weapons
 a - a +0 long sword (weapon)
Armour
 b - a +0 scale mail (worn)
 c - a +0 buckler (worn)
Scrolls
 g - a scroll of blinking {unknown}
Potions
 d - a potion of might
 e - a potion of flight {unknown}
 f - a potion of cancellation {unknown}


   Skills:
 - Level 3.2 Fighting
 * Level 3.1 Long Blades
 + Level 3.7 Armour
 + Level 4.1 Shields


You had 2 spell levels left.
You didn't know any spells.
Your spell library contained the following spells:

 Spells                   Type           Power      Damage    Failure   Level
 Tukima's Dance           Hex            0%         N/A       98%         3
 Passage of Golubria      Tloc           N/A        N/A       100%        4
 Yara's Violent Unravell  Hex/Tmut       0%         3d3       100%        5


Dungeon Overview and Level Annotations

Branches:
Dungeon (2/15)

Altars:


Innate Abilities, Weirdness & Mutations

You cannot be hasted, slowed, berserked, paralysed or teleported.
You can dig through walls and to a lower floor.
You have a pair of large antennae on your head. (SInv)
Your four strong arms can wield two-handed weapons with a shield.


Message History

The jackal barely misses you.
You slash the jackal!
You kill the jackal!
A gnoll comes into view. It is wielding a +0 halberd.
The jackal bites you.
You barely miss the jackal.
The jackal bites you but does no damage.
You block the jackal's attack.
You barely miss the jackal. The jackal bites you.
The jackal closely misses you.
You slash the jackal!
You kill the jackal!
The gnoll throws a stone.
The stone closely misses you. The gnoll hits you with a +0 flail.
Items here: ††††.
You hit the gnoll.
The gnoll is moderately wounded.
The gnoll barely misses you.
You barely miss the gnoll.
The gnoll is moderately wounded.
The gnoll misses you.
You slash the gnoll!
The gnoll is severely wounded.
The gnoll barely misses you. The gnoll closely misses you.
You slash the gnoll!
You kill the gnoll!
You hit the gnoll but do no damage. The gnoll hits you with a +0 whip.
You slash the gnoll!
The gnoll is severely wounded.
The gnoll hits you from afar with a +0 spear.
The gnoll hits you with a +0 whip! The gnoll barely misses you.
The gnoll hits you with a +0 whip.
* * * LOW HITPOINT WARNING * * *
You hit the gnoll.
The gnoll is severely wounded.
The gnoll hits you but does no damage. x2
You hit the gnoll.
The gnoll is almost dead.
The gnoll hits you but does no damage. The gnoll hits you with a +0 whip!
You die...

#.#
#.#
#.#
#.#
#$#
#.#
#$#
#.#
#@#
#g#
#g#
#g#
#.#
#.#
..#
..#


You could see 3 gnolls.

Vanquished Creatures
  A gnoll (D:2)
  6 ball pythons (D:1)
  3 endoplasms (D:1)
  A giant cockroach (D:1)
  3 goblins (D:1)
  A hobgoblin (D:2)
  4 jackals (D:2)
  3 quokkas
  6 bats
  A frilled lizard (D:1)
  2 kobolds (D:1)
  3 rats (D:1)
34 creatures vanquished.

Notes
Turn   | Place    | Note
-------+----------+-------------------------------------------
     0 | D:1      | mordus the Formicid Fighter began the quest for the Orb.
     0 | D:1      | Reached XP level 1. HP: 18/18 MP: 1/1
   310 | D:1      | Reached XP level 2. HP: 17/24 MP: 2/2
   646 | D:1      | Reached XP level 3. HP: 27/29 MP: 3/3
   694 | D:1      | Found a faded altar of an unknown god.
   765 | D:1      | Reached skill level 4 in Shields
  1114 | D:2      | Slain by a gnoll

Illustrated notes

Levels and vault maps discovered:
D:1:      denvon_arrival_planthouse, layout_rooms,
          ebering_ecumenical_altar_abandoned,
          wander_ebering_terrifying_dragon_lair
D:2:      layout_basic, basic_altar, grunt_ministairs_13,
          grunt_decor_mini_mirrors, grunt_decor_cap, nrook_loot_triangle

Skill      XL: |  1  2  3 |
---------------+----------+-----
Shields        | 4 |  4.1
Long Blades    | 3 |  3.1
Fighting       | |  3.2
Armour         | |  3.7

Action                   || total
-------------------------++-------
Melee: Long sword        ||   113
Armor: Scale mail        ||    59
Dodge: Dodged            ||    68
Block: Buckler           ||    26

Table legend: (Time is in decaauts)
 A = Elapsed time spent in this place.
 B = Non-inter-level travel time spent in this place.
 C = Inter-level travel time spent in this place.
 D = Time resting spent in this place.
 E = Time spent auto-exploring this place.
 F = Levels seen in this place.
 G = Mean time per level.
                   A        B        C        D        E       F      G
               +--------+--------+--------+--------+--------+-----+--------+
         Total |   1144 |   1113 |     31 |    117 |    753 |   2 |  572.0 |
       Dungeon |   1144 |   1113 |     31 |    117 |    753 |   2 |  572.0 |
               +--------+--------+--------+--------+--------+-----+--------+

Top non-repeatable levels by time:
     D:1: 1029 daAuts
     D:2: 115 daAuts
